 Dungeon Crawl Stone Soup version 0.18.1-50-g88ac8fd (webtiles) character file.

119 Monkfish the Sneak (level 5, -14/31 HPs)
             Began as a Kobold Assassin on Oct 22, 2016.
             Demolished by Menkaure (23 damage)
             ... on level 3 of the Dungeon.
             The game lasted 00:05:45 (2225 turns).

Monkfish the Sneak (Kobold Assassin)                Turns: 2225, Time: 00:05:46

Health: -14/31     AC:  4    Str: 11    XL:     5   Next: 23%
Magic:  5/5        EV: 14    Int:  9    God:
Gold:   158        SH:  0    Dex: 17    Spells: 0 memorised, 4 levels left

rFire  . . .     SeeInvis .     a - +2 dagger
rCold  . . .     Gourm    .     c - +0 robe
rNeg   . . .     Faith    .     (shield restricted)
rPois  .         Spirit   .     (no helmet)
rElec  .         Dismiss  .     d - +1 cloak
rCorr  .         Reflect  .     (no gloves)
SustAt .         Harm     .     (no boots)
MR     .....                    h - amulet of regeneration
Stlth  ++++......               (no ring)
                                (no ring)

@: about to teleport, not resistant to hostile enchantments, stealthy
A: carnivore 3
a: no special abilities


You were on level 3 of the Dungeon.
You were very full.

You visited 1 branch of the dungeon, and saw 4 of its levels.

You collected 158 gold pieces.

Inventory:

Hand Weapons
 a - a +2 dagger (weapon)
 b - a +0 blowgun
Missiles
 e - 11 poisoned needles
 f - 2 curare-tipped needles
Armour
 c - a +0 robe (worn)
 d - a +1 cloak (worn)
Jewellery
 h - an amulet of regeneration (around neck)
 k - a +3 ring of strength {unknown}
Potions
 i - a potion of magic
 j - a potion of brilliance {unknown}
 m - a potion of mutation {unknown}
 n - a potion of berserk rage {unknown}
 o - a potion of flight {unknown}
Comestibles
 g - a meat ration


   Skills:
 + Level 2.4 Fighting
 + Level 2.9 Short Blades
 * Level 4.2 Throwing
 - Level 1.2 Dodging
 + Level 6.7 Stealth


You had 4 spell levels left.
You didn't know any spells.

Dungeon Overview and Level Annotations

Branches:
Dungeon (4/15)
 Temple: D:4-7

Altars:
Kikubaaqudgha
Nemelex Xobeh
Pakellas
Qazlal
Yredelemnul

Annotations:
D:3 Menkaure; Monkfish's ghost, amateur KoAs


Innate Abilities, Weirdness & Mutations

You are small and have problems with some larger weapons.
You are carnivorous and can eat meat at any time.


Message History

Found a dagger.
Menkaure shouts!
The crimson imp shouts!
The worker ant twitches its antennae in your direction.
You hear a howl!
Menkaure blazes with dark energy!
Menkaure hits you!!
Ouch! That really hurt!
* * * LOW HITPOINT WARNING * * *
A howler monkey comes into view.
The crimson imp blinks!
There is a stone staircase leading up here.
The crimson imp hits you but does no damage.
You climb upwards.
Level annotation: Monkfish's ghost, amateur KoAs
There is a stone staircase leading down here.
Read which item? (? for menu, Esc to quit)
As you read the scroll of teleportation, it crumbles to dust.
You feel strangely unstable. Menkaure hits you!!
Ouch! That really hurt!
You die...

###...###...........
#...##....#.........
##<.....####.........
#...###..............
######...#...##...........
#).....###.##...#.#.......
#.<.##.##.......#.#.......
#........MW.###...........
#.....##<@### ###.........
###..##..## ##.##.[...
#..##.## #.##...#. #†.##.#
#.##.#... ##..##.#
#.##.##.. #######..###.#
#.##.##.. #....##...)..#
#.##.###. #........#####
#.#..# ## ##.....#..##
#.#.#####


You could see Menkaure and Monkfish's ghost.

Vanquished Creatures
  An orc wizard (D:3)
  2 adders (D:2)
  An ooze (D:3)
  An adder skeleton (D:3)
  2 dart slugs
  3 giant geckos
  4 orcs (D:3)
  A giant cockroach (D:1)
  12 goblins
  6 hobgoblins
  A quokka (D:3)
  A ball python (D:2)
  4 bats
  6 giant newts
  9 kobolds
  8 rats
62 creatures vanquished.

Notes
Turn   | Place    | Note
--------------------------------------------------------------
     0 | D:1      | Monkfish the Kobold Assassin began the quest for the Orb.
     0 | D:1      | Reached XP level 1. HP: 12/12 MP: 1/1
    78 | D:1      | Reached XP level 2. HP: 17/17 MP: 2/2
   464 | D:1      | Reached skill level 6 in Stealth
   492 | D:1      | Reached XP level 3. HP: 21/21 MP: 3/3
   931 | D:2      | Found a sparkling altar of Nemelex Xobeh.
  1178 | D:2      | Reached XP level 4. HP: 26/26 MP: 4/4
  1356 | D:2      | Found a basalt altar of Yredelemnul.
  1356 | D:2      | Found a stormy altar of Qazlal.
  1357 | D:2      | Found an ancient bone altar of Kikubaaqudgha.
  1809 | D:3      | Reached XP level 5. HP: 31/31 MP: 5/5
  1844 | D:3      | Noticed Monkfish's ghost (amateur KoAs)
  1907 | D:3      | Found an oddly glowing altar of Pakellas.
  2218 | D:4      | Noticed Menkaure
  2225 | D:3      | Demolished by Menkaure

Skill      XL: |  1  2  3  4 |
---------------+-------------+-----
Stealth        | 6 |  6.7
Throwing       | 3 4 |  4.2
Fighting       | |  2.4
Short Blades   | |  2.9
Dodging        | |  1.2

Action                   |  1- 3 |  4- 6 || total
-------------------------+-------+-------++-------
Melee: Dagger            |    30 |   105 ||   135
 Fire: Blowgun           |    53 |     5 ||    58
  Use: Scroll            |     5 |     3 ||     8
       Potion            |       |     2 ||     2
 Stab: Sleeping          |     3 |     5 ||     8
  Eat: Chunk             |     9 |     1 ||    10
Armor: Robe              |     7 |    30 ||    37
Dodge: Dodged            |    24 |    91 ||   115
